 Dungeon Crawl Stone Soup version 0.31-a0-1338-gb567cfdca4 (webtiles) character file.

Game seed: 15952099732544373307

21 Laraso the Slasher (level 2, 0/24 HPs)
             Began as a Draconian Gladiator on Dec 22, 2023.
             Killed by nerve-wracking pain
             ... invoked by Jessica
              (13 damage)
             ... on level 2 of the Dungeon.
             The game lasted 00:01:17 (939 turns).

Laraso the Slasher (Draconian Gladiator)             Turns: 939, Time: 00:01:18

Health: 0/24       AC:  4    Str: 16    XL:     2   Next: 65%
Magic:  2/2        EV: 12    Int:  8    God:
Gold:   36         SH:  0    Dex: 12    Spells: 1/1 levels left

rFire   . . .        a - +0 long sword
rCold   . . .        (no shield)
rNeg    . . .        (body armour unavailable)
rPois   .            b - +0 hat
rElec   .            (no cloak)
rCorr   .            (no gloves)
SInv    .            (no boots)
Will    .....        (no amulet)
Stlth   +            (no ring)
HPRegen 0.24/turn    (no ring)
MPRegen 0.08/turn

%: no passive effects
@: slowed, very slow
A: AC +4, unfitting armour, cold-blooded
a: no special abilities


You were on level 2 of the Dungeon.
You visited 1 branch of the dungeon, and saw 2 of its levels.

You collected 36 gold pieces.

Inventory:

Hand Weapons
 a - a +0 long sword (weapon)
Missiles
 c - 3 throwing nets (quivered)
 d - a javelin
Armour
 b - a +0 hat (worn)
Scrolls
 f - a scroll of teleportation {unknown}
 h - a scroll of fog {unknown}
 i - a scroll of poison {unknown}
Potions
 e - a potion of enlightenment {unknown}
 g - a potion of brilliance {unknown}
 j - a potion of heal wounds {unknown}


   Skills:
 - Level 2.1 Fighting
 * Level 4.0 Long Blades
 - Level 1.7 Throwing
 - Level 2.6 Dodging


You had one spell level left.
You didn't know any spells.
Your spell library was empty.

Dungeon Overview and Level Annotations

Branches:
Dungeon (2/15)

Altars:

Annotations:
D:2 Jessica


Innate Abilities, Weirdness & Mutations

Your plain brown scales are hard. (AC +4)
You cannot fit into any form of body armour.
You are cold-blooded and may be slowed by cold attacks.


Message History

The hobgoblin is almost dead.
The hobgoblin hits you but does no damage.
You slash the hobgoblin!
You kill the hobgoblin!
You aren't carrying any items that you can evoke.
Throw: 3 throwing nets
Press: ? - help, Q - select action, (/) - cycle Shift-Dir - straight line, f - Jessica
Aim: Jessica, wielding a +1 dagger of speed and wearing a +0 robe (severely wounded, fast, 54% to hit)
Okay, then.
Jessica hits you but does no damage.
Things that are here:
a +0 dagger; a +0 short sword; a goblin corpse You hit Jessica but do no damage.
Jessica is severely wounded.
Jessica gestures wildly while chanting.
Jessica blinks!
Jessica is no longer moving quickly.
Jessica gestures at you while chanting.
You barely resist. You hit Jessica but do no damage.
Jessica is severely wounded.
Jessica misses you. Jessica hits you but does no damage.
You barely miss Jessica.
Jessica is severely wounded.
Jessica mumbles some strange words.
Jessica seems to speed up.
You hit Jessica but do no damage.
Jessica is severely wounded.
Jessica hits you with a +1 dagger of speed.
Jessica mumbles some strange words.
Jessica blinks!
No target in view!
Jessica points at you and mumbles some strange words.
You feel yourself slow down. Jessica gestures at you while chanting.
Pain shoots through your body!
Jessica points at you and mumbles some strange words.
Pain shoots through your body!
Ouch! That really hurt!
You die...

#..>.....#
#.....#).#.
#.........
#.......#
#...?.@.##
#.........
#.....#
#...@.#
####..#
#)## #<#
#.# #..
##.. ###


You could see Jessica (fast).

Vanquished Creatures
  3 bats (D:1)
  An endoplasm (D:1)
  A giant cockroach (D:1)
  3 goblins
  3 hobgoblins
  2 jackals (D:1)
  2 quokkas (D:1)
  3 kobolds
18 creatures vanquished.

Notes
Turn   | Place    | Note
-------+----------+-------------------------------------------
     0 | D:1      | Laraso the Draconian Gladiator began the quest for the Orb.
     0 | D:1      | Reached XP level 1. HP: 17/17 MP: 1/1
   287 | D:1      | Reached XP level 2. HP: 24/24 MP: 2/2
   817 | D:2      | Noticed Jessica
   921 | D:2      | Reached skill level 4 in Long Blades
   939 | D:2      | Killed from afar by Jessica

Illustrated notes

Levels and vault maps discovered:
D:1:      nagdon_arrival_double_spiral, layout_loops_cross
D:2:      layout_rooms, uniq_jessica

Skill      XL: |  1  2 |
---------------+-------+-----
Long Blades    | 4 |  4.0
Fighting       | |  2.1
Throwing       | |  1.7
Dodging        | |  2.6

Action                     || total
---------------------------++-------
  Melee: Long sword        ||    72
         Tailslap          ||     9
    Use: Scroll            ||     1
 Armour: Skin              ||    36
  Dodge: Dodged            ||    48

Table legend: (Time is in decaauts)
 A = Elapsed time spent in this place.
 B = Non-inter-level travel time spent in this place.
 C = Inter-level travel time spent in this place.
 D = Time resting spent in this place.
 E = Time spent auto-exploring this place.
 F = Levels seen in this place.
 G = Mean time per level.
                   A        B        C        D        E       F      G
               +--------+--------+--------+--------+--------+-----+--------+
         Total |    956 |    901 |     55 |     80 |    657 |   2 |  478.0 |
       Dungeon |    956 |    901 |     55 |     80 |    657 |   2 |  478.0 |
               +--------+--------+--------+--------+--------+-----+--------+

Top non-repeatable levels by time:
     D:1: 918 daAuts
     D:2: 38 daAuts
